 Dungeon Crawl Stone Soup version 0.31-a0-358-gac0dbeb3ab (webtiles) character file.

Game seed: 13305478470862647351

23 dinky3 the Sneak (level 2, 0/21 HPs)
             Began as a Vampire Enchanter on July 25, 2023.
             Slain by a kobold
             ... wielding a +0 whip
              (4 damage)
             ... on level 1 of the Dungeon.
             The game lasted 00:01:32 (310 turns).

dinky3 the Sneak (Vampire Enchanter)                 Turns: 310, Time: 00:01:33

Health: 0/21       AC:  2    Str:  7    XL:     2   Next: 75%
Magic:  0/5        EV: 12    Int: 17    God:
Gold:   66         SH:  0    Dex: 14    Spells: 3/5 levels left

rFire   . . .        a - +1 dagger
rCold   . . .        (no shield)
rNeg    . . .        b - +0 robe
rPois   .            (no helmet)
rElec   .            (no cloak)
rCorr   .            (no gloves)
SInv    +            (no boots)
Will    .....        (no amulet)
Stlth   +++          (no ring)
HPRegen 0.43/turn    (no ring)
MPRegen 0.09/turn

%: no passive effects
@: healing quickly
A: alive, fangs 3, see invisible, vampiric 1
a: Exsanguinate


You were on level 1 of the Dungeon.
You visited 1 branch of the dungeon, and saw 1 of its levels.

You collected 66 gold pieces.

Inventory:

Hand Weapons
 a - a +1 dagger (weapon)
Armour
 b - a +0 robe (worn)
Magical Staves
 k - a staff of air
Jewellery
 f - a ring of flight
Scrolls
 d - a scroll of noise {unknown}
 e - 2 scrolls of vulnerability {unknown}
 h - a scroll of immolation {unknown}
 i - a scroll of identify {unknown}
 j - a scroll of fog {unknown}
Potions
 c - a potion of invisibility
 g - a potion of cancellation {unknown}


   Skills:
 + Level 1.1 Fighting
 + Level 1.9 Short Blades
 - Level 2.1 Dodging
 + Level 5.1 Stealth
 - Level 2.0 Spellcasting
 - Level 4.4 Hexes


You had 3 spell levels left.
You knew the following spells:

 Your Spells              Type           Power      Damage    Failure   Level
b - Ensorcelled Hibernat  Hex/Ice        18%        N/A       12%         2

Your spell library contained the following spells:

 Spells                   Type           Power      Damage    Failure   Level
 Slow                     Hex            64%        N/A       3%          1
 Confusing Touch          Hex            16%        N/A       10%         3
 Tukima's Dance           Hex            16%        N/A       10%         3
 Dazzling Flash           Conj/Hex       18%        N/A       24%         3
 Vampiric Draining        Necr           1%         2d6       50%         3


Dungeon Overview and Level Annotations

Branches:
Dungeon (1/15) Zot: 5693

Altars:


Innate Abilities, Weirdness & Mutations

Your natural rate of healing is accelerated.
You have razor-sharp teeth.
You have supernaturally acute eyesight. (SInv)
You are afflicted with vampirism.


Message History

You hit the rat.
You kill the rat!
The goblin barely misses you.
You see here a rat corpse.
The goblin attacks as you move away! The goblin completely misses you.
You hit the goblin. Your bite misses the goblin.
The goblin is severely wounded.
The goblin closely misses you.
You hit the goblin.
You kill the goblin!
You hit the giant cockroach but do no damage.
The giant cockroach bites you but does no damage.
You completely miss the giant cockroach.
The giant cockroach closely misses you.
You hit the giant cockroach.
The giant cockroach is heavily wounded.
The giant cockroach bites you.
You hit the giant cockroach but do no damage.
The giant cockroach is heavily wounded.
The giant cockroach barely misses you.
You hit the giant cockroach.
You kill the giant cockroach!
You hit the kobold.
The kobold is moderately wounded.
The kobold hits you with a +0 whip.
Casting: Ensorcelled Hibernation (safe; 12% risk of failure)
Confirm with . or Enter, or press ? or * to list all spells.
Aiming: Ensorcelled Hibernation (safe; 12% risk of failure)
Press: ? - help, Shift-Dir - straight line, f - kobold
Aim: a kobold, wielding a +0 whip (moderately wounded, chance to affect: 61%)
The kobold resists with significant effort.
The kobold hits you with a +0 whip.
You completely miss the kobold.
The kobold is moderately wounded.
The kobold hits you with a +0 whip.
* * * LOW HITPOINT WARNING * * *
You hit the kobold but do no damage.
The kobold is moderately wounded.
The kobold hits you with a +0 whip.
You die...

##... ........#
###...#########.####
#...................
##.#...#######.#.#...
#......†.......#.....
#..#...###########.#.
#..## #.#. #.## #.#.
#@# .... #K# ..#. #.#
####. #># #.......#
......... ..###.....
##....! #.###..


You could see a kobold.

Vanquished Creatures
  2 ball pythons (D:1)
  2 endoplasms (D:1)
  2 giant cockroaches (D:1)
  2 goblins (D:1)
  3 hobgoblins (D:1)
  A jackal (D:1)
  2 kobolds (D:1)
  2 quokkas (D:1)
  2 bats (D:1)
  2 rats (D:1)
20 creatures vanquished.

Notes
Turn   | Place    | Note
-------+----------+-------------------------------------------
     0 | D:1      | dinky3 the Vampire Enchanter began the quest for the Orb.
     0 | D:1      | Reached XP level 1. HP: 13/13 MP: 3/3
   141 | D:1      | Reached XP level 2. HP: 20/20 MP: 5/5
   167 | D:1      | Learned a level 2 spell: Ensorcelled Hibernation
   206 | D:1      | Found a faded altar of an unknown god.
   255 | D:1      | Reached skill level 1 in Fighting
   255 | D:1      | Reached skill level 5 in Stealth
   310 | D:1      | Slain by a kobold

Illustrated notes

Levels and vault maps discovered:
D:1:      lightli_arrival_quake, layout_loops_ring,
          dreamdust_ecumenical_altar_grove, minmay_split_cup_large

Skill      XL: |  1  2 |
---------------+-------+-----
Fighting       | 1 |  1.1
Stealth        | 5 |  5.1
Short Blades   | |  1.9
Dodging        | |  2.1
Spellcasting   | |  2.0
Hexes          | |  4.4

Action                     || total
---------------------------++-------
  Melee: Dagger            ||    61
         Bite              ||     5
   Cast: Ensorcelled Hiber ||     4
    Use: Potion            ||     1
   Stab: Sleeping          ||     5
         Invisible         ||     2
 Armour: Robe              ||     8
  Dodge: Dodged            ||    30

Table legend: (Time is in decaauts)
 A = Elapsed time spent in this place.
 B = Non-inter-level travel time spent in this place.
 C = Inter-level travel time spent in this place.
 D = Time resting spent in this place.
 E = Time spent auto-exploring this place.
 F = Levels seen in this place.
 G = Mean time per level.
                   A        B        C        D        E       F      G
               +--------+--------+--------+--------+--------+-----+--------+
         Total |    305 |    305 |      0 |      0 |      0 |   1 |  305.0 |
       Dungeon |    305 |    305 |      0 |      0 |      0 |   1 |  305.0 |
               +--------+--------+--------+--------+--------+-----+--------+

Top non-repeatable levels by time:
     D:1: 305 daAuts
